 Dungeon Crawl Stone Soup version 0.29-a0-757-g358383bc75 (webtiles) character file.

Game seed: 18261788513086729590

88 buhh the Insei (level 4, 0/45 HPs)
             Began as an Octopode Transmuter on July 1, 2022.
             Slain by a gnoll
             ... wielding a +0 spear
              (2 damage)
             ... on level 2 of the Dungeon.
             The game lasted 00:02:03 (1544 turns).

buhh the Insei (Octopode Transmuter)                Turns: 1544, Time: 00:02:04

Health: 0/45       AC: 22    Str:  9    XL:     4   Next: 53%
Magic:  6/7        EV:  2    Int: 17    God:
Gold:   64         SH:  0    Dex: 12    Spells: 6/7 levels left

rFire   . . .      SeeInvis .     - Unarmed
rCold   . . .      Faith    .   (no shield)
rNeg    . . .      Spirit   .   (helmet currently unavailable)
rPois   +          Reflect  .   (no amulet)
rElec   .          Harm     .   (no ring)
rCorr   .          Rampage  .   (no ring)
Will    .....      NoTele   +   (no ring)
Stlth   ++........              (no ring)
HPRegen 0.15/turn               (no ring)
MPRegen 0.10/turn               (no ring)
                                (no ring)
                                (no ring)

@: tree-form, attractive, hasted, very quick
A: stationary, stasis, torment immunity, boosted hp, almost no armour,
(amphibious), 8 rings, (camouflage 1), (gelatinous body 1), (nimble swimmer 1),
(tentacles)
a: no special abilities


You were on level 2 of the Dungeon.
You were a tree.
You visited 1 branch of the dungeon, and saw 2 of its levels.

You collected 64 gold pieces.

Inventory:

Missiles
 e - 8 poisoned darts
Armour
 g - a +2 hat (melded)
Scrolls
 a - a scroll of blinking {unknown}
 c - a scroll of torment {unknown}
 f - a scroll of identify {unknown}
 h - a scroll of amnesia {unknown}
Potions
 d - a potion of attraction


   Skills:
 + Level 2.9 Fighting
 - Level 2.0 Dodging
 - Level 2.0 Stealth
 - Level 4.0 Unarmed Combat
 - Level 2.0 Spellcasting
 - Level 2.0 Transmutations


You had 6 spell levels left.
You knew the following spells:

 Your Spells              Type           Power      Damage    Failure   Level
a - Beastly Appendage     Tmut           16%        N/A       9%          1

Your spell library contained the following spells:

 Spells                   Type           Power      Damage    Failure   Level
 Wereblood                Tmut           8%         N/A       13%         2
 Spider Form              Tmut/Pois      5%         N/A       36%         3
 Ice Form                 Ice/Tmut       5%         N/A       77%         4


Dungeon Overview and Level Annotations

Branches:
Dungeon (2/15) Zot: 10459

Altars:


Innate Abilities, Weirdness & Mutations

You are a tree.
Your roots penetrate the ground, keeping you stationary.
You cannot be teleported.
You are immune to unholy pain and torment.
Your maximum health is greatly increased.
You cannot wear most types of armour.
((You are amphibious.))
You can wear up to eight rings at the same time.
((Your skin changes colour to match your surroundings (Stealth+).))
((Your rubbery body absorbs attacks. (AC +1, EV +1)))
((You are camouflaged when in or above water. (Stealth+)))
((You have tentacles for arms and can constrict up to eight enemies at once.))


Message History

The gnoll is severely wounded.
You constrict the gnoll, but do no damage.
The gnoll barely misses you.
You completely miss the gnoll.
You pierce the gnoll.
You kill the gnoll!
The gnoll barely misses you. Jessica hits you with a +0 dagger.
Training target 4.0 for Unarmed Combat reached!
Your Unarmed Combat skill increases to level 4!
You have reached level 4!
You tentacle-slap Jessica but do no damage.
You grab Jessica.
You pierce Jessica.
Jessica is lightly wounded.
Your transformation is almost over.
You constrict Jessica.
The gnoll hits you from afar with a +0 spear.
The gnoll hits you with a +0 club! Jessica hits you with a +0 dagger.
* * * LOW HITPOINT WARNING * * *
Really quaff the potion of lignification?
Your tentacle spike disappears.
Your +2 hat unmelds from your body.
You turn into a tree.
Your +2 hat melds into your body.
Your roots penetrate the ground.
You lose your grip on Jessica.
The gnoll hits you but does no damage. The gnoll hits you with a +0 club.
* * * LOW HITPOINT WARNING * * *
Jessica barely misses you.
You hit Jessica but do no damage.
Jessica is moderately wounded.
The gnoll barely misses you. Jessica hits you but does no damage.
You smack Jessica!
You kill Jessica!
You hit the gnoll.
The gnoll is moderately wounded.
The gnoll hits you from afar with a +0 spear.
* * * LOW HITPOINT WARNING * * *
It was a potion of attraction.
You feel attractive to monsters.
The gnoll hits you but does no damage. x2; The gnoll is attracted toward you.
It was a potion of haste.
You feel yourself speed up. The gnoll hits you but does no damage.
The gnoll hits you with a +0 spear.
You die...

..... #.(...#
.###.....### ####
...........#####....
#..........#.....
#..........#.#.##
#...............##
#..............♣g#
##.>...†..†.#####g...#
.#####.#....# .§..#
..##.....##.# ##...#
..##.#†####.# .#.#
.............. # .#
.......#...... .
.....###.......
.#.....# ......#


You could see 2 gnolls.

Vanquished Creatures
  Jessica (D:2)
  An adder (D:2)
  A gnoll (D:2)
  A worm (D:1)
  6 endoplasms (D:1)
  2 giant cockroaches (D:1)
  4 goblins (D:1)
  2 hobgoblins
  2 jackals (D:1)
  2 quokkas (D:2)
  2 ball pythons
  10 bats
  2 frilled lizards (D:1)
  2 kobolds
  2 rats
40 creatures vanquished.

Notes
Turn   | Place    | Note
-------+----------+-------------------------------------------
     0 | D:1      | buhh the Octopode Transmuter began the quest for the Orb.
     0 | D:1      | Reached XP level 1. HP: 13/13 MP: 3/3
   331 | D:1      | Reached XP level 2. HP: 11/18 MP: 3/5
   450 | D:1      | Found a faded altar of an unknown god.
  1019 | D:1      | Reached XP level 3. HP: 24/24 MP: 6/6
  1530 | D:2      | Noticed Jessica
  1538 | D:2      | Reached skill level 4 in Unarmed Combat
  1538 | D:2      | Reached XP level 4. HP: 20/29 MP: 5/7
  1541 | D:2      | Killed Jessica
  1542 | D:2      | HP: 2/45 [gnoll/+0 spear (4)]
  1544 | D:2      | Slain by a gnoll

Illustrated notes

Levels and vault maps discovered:
D:1:      dpeg_arrival_boxes_within_box, layout_basic,
          ebering_ecumenical_altar_petrified
D:2:      layout_rooms, serial_curves, eino_curves_03, eino_curves_03,
          amcnicky_mini_corridor_feature, minmay_ruptured, uniq_jessica

Skill      XL: |  1  2  3 |
---------------+----------+-----
Stealth        | 1 2 |  2.0
Fighting       | 2 |  2.9
Unarmed Combat | 4 |  4.0
Dodging        | |  2.0
Spellcasting   | |  2.0
Transmutations | |  2.0

Action                   |  1- 3 |  4- 6 || total
-------------------------+-------+-------++-------
Melee: Unarmed           |    72 |     4 ||    76
       Kick              |    20 |     1 ||    21
       Constrict         |    18 |     1 ||    19
       Tentacles         |    11 |       ||    11
       Punch             |     1 |       ||     1
 Cast: Beastly Appendage |    30 |       ||    30
  Use: Potion            |       |     3 ||     3
 Stab: Sleeping          |     7 |       ||     7
Armor: Skin              |    12 |     5 ||    17
Dodge: Dodged            |    62 |     2 ||    64

Table legend: (Time is in decaauts)
 A = Elapsed time spent in this place.
 B = Non-inter-level travel time spent in this place.
 C = Inter-level travel time spent in this place.
 D = Time resting spent in this place.
 E = Time spent auto-exploring this place.
 F = Levels seen in this place.
 G = Mean time per level.
                   A        B        C        D        E       F      G
               +--------+--------+--------+--------+--------+-----+--------+
         Total |   1539 |   1535 |      4 |    243 |   1037 |   2 |  769.5 |
       Dungeon |   1539 |   1535 |      4 |    243 |   1037 |   2 |  769.5 |
               +--------+--------+--------+--------+--------+-----+--------+

Top non-repeatable levels by time:
     D:1: 1406 daAuts
     D:2: 132 daAuts
